 Dungeon Crawl Stone Soup version 0.18.1-6-gd335043 (webtiles) character file.

78 Kenran the Slasher (level 4, -2/39 HPs)
             Began as a Hill Orc Fighter on May 16, 2016.
             Slain by an orc priest
             ... wielding a +0 short sword
              (3 damage)
             ... on level 3 of the Dungeon.
             The game lasted 00:04:40 (2719 turns).

Kenran the Slasher (Hill Orc Fighter)               Turns: 2719, Time: 00:04:41

Health: -2/39      AC:  8    Str: 18    XL:     4   Next: 36%
Magic:  4/4        EV:  7    Int:  8    God:
Gold:   73         SH:  9    Dex: 11    Spells: 0 memorised, 3 levels left

rFire  . . .     SeeInvis .     a - +1 long sword
rCold  . . .     Gourm    .     b - +0 scale mail
rNeg   . . .     Faith    .     c - +0 shield
rPois  .         Spirit   .     (no helmet)
rElec  .         Dismiss  .     (no cloak)
rCorr  .         Reflect  .     (no gloves)
SustAt .         Harm     .     p - +0 pair of boots (curse)
MR     +....                    (no amulet)
Stlth  ..........               h - ring of loudness (curse)
                                l - ring of protection from magic

@: somewhat resistant to hostile enchantments, extremely unstealthy
A: no striking features
a: Convert to Beogh


You were on level 3 of the Dungeon.
You were not hungry.

You visited 1 branch of the dungeon, and saw 3 of its levels.

You collected 73 gold pieces.

Inventory:

Hand Weapons
 a - a +1 long sword (weapon)
Armour
 b - a +0 scale mail (worn)
 c - a +0 shield (worn)
 p - a cursed +0 pair of boots (worn)
Jewellery
 h - a cursed ring of loudness (right hand)
 l - a ring of protection from magic (left hand)
 n - an uncursed ring of wizardry {unknown}
Scrolls
 e - 2 scrolls of identify
Potions
 d - a potion of might
 i - 3 potions of magic {unknown}
 k - 2 potions of lignification
 m - 2 potions of curing {unknown}
 o - a potion of invisibility {unknown}
 q - a potion of degeneration {unknown}
Comestibles
 f - 2 bread rations
 r - a meat ration


   Skills:
 - Level 3.6 Fighting
 + Level 4.9 Long Blades
 - Level 3.2 Armour
 - Level 3.2 Shields


You had 3 spell levels left.
You didn't know any spells.

Dungeon Overview and Level Annotations

Branches:
Dungeon (3/15)

Altars:
Fedhas
Sif Muna


Message History

The orc priest is moderately wounded.
The orc priest shouts, "Surrender to Beogh and we'll let you live!"
The orc priest completely misses you.
You hit the orc priest but do no damage.
The orc priest is moderately wounded.
The orc priest shouts, "Beogh is our master!
Accept the truth or die!"
The orc priest completely misses you.
You closely miss the orc priest.
The orc priest is moderately wounded.
The orc priest hits you with a short sword.
* * * LOW HITPOINT WARNING * * *
You slash the orc priest!
The orc priest is almost dead.
The orc priest shouts, "Surrender to Beogh and we'll let you live!"
The orc priest mumbles some strange prayers to Beogh against you.
Pain shoots through your body!
* * * LOW HITPOINT WARNING * * *
The orc priest shouts, "Beogh is our master!
Accept the truth or die!"
The orc priest hits you with a short sword.
You die...

...#####......##.##...#.......
#......#.......#....o..
#......#..#....#.....<.
#......#..#....#......(
#......#..#....#
#.........#....#
#..............#
#...##....o.......# #...
#....@.......# #...
#............# #...
#...####.....# ## ##+## ......
...... ....# .....


You could see an orc priest.

Vanquished Creatures
  2 adders (D:2)
  An ooze (D:1)
  4 worms
  A giant gecko (D:2)
  3 orcs
  A giant cockroach (D:2)
  5 hobgoblins (D:2)
  4 jackals (D:1)
  6 kobolds
  2 ball pythons (D:2)
  3 bats
  A giant newt (D:1)
  2 goblins
  7 rats
42 creatures vanquished.

Notes
Turn   | Place    | Note
--------------------------------------------------------------
     0 | D:1      | Kenran the Hill Orc Fighter began the quest for the Orb.
     0 | D:1      | Reached XP level 1. HP: 19/19 MP: 1/1
   523 | D:1      | Reached XP level 2. HP: 26/26 MP: 2/2
   524 | D:1      | Reached skill level 3 in Long Blades
  1217 | D:2      | Reached XP level 3. HP: 22/31 MP: 3/3
  1463 | D:2      | Reached skill level 4 in Long Blades
  1696 | D:2      | Found a faded altar to an unknown god.
  1744 | D:2      | Reached XP level 4. HP: 25/39 MP: 4/4
  1902 | D:2      | Found a deep blue altar of Sif Muna.
  2159 | D:2      | Found a blossoming altar of Fedhas.
  2719 | D:3      | HP: 1/39 [orc priest/nerve-wracking pain (9)]
  2719 | D:3      | Slain by an orc priest

Skill      XL: |  1  2  3 |
---------------+----------+-----
Long Blades    | 3 4 |  4.9
Fighting       | |  3.6
Armour         | |  3.2
Shields        | |  3.2

Action                   |  1- 3 |  4- 6 || total
-------------------------+-------+-------++-------
Melee: Long sword        |   102 |    51 ||   153
  Use: Scroll            |     3 |     2 ||     5
  Eat: Chunk             |     3 |     2 ||     5
       Pizza             |       |     1 ||     1
Armor: Scale mail        |    38 |    20 ||    58
Dodge: Dodged            |    26 |    12 ||    38
Block: Shield            |    49 |    17 ||    66
